 Dungeon Crawl Stone Soup version 0.32-a0-612-g1c984fe9d1 (webtiles) character file.

Game seed: 9442462524262820464

17660 hikkokomori the Fighter (level 12, -4/99 HPs)
             Began as a Coglin Hunter on Mar 4, 2024.
             Was a High Priest of Okawaru.
             Slain by a komodo dragon (20 damage)
             ... on level 2 of the Lair of Beasts.
             The game lasted 00:35:31 (13215 turns).

hikkokomori the Fighter (Coglin Hunter)            Turns: 13215, Time: 00:35:32

Health: -4/99      AC:  8    Str: 12    XL:     12   Next: 50%
Magic:  11/17      EV: 14    Int: 10    God:    Okawaru [*****.]
Gold:   428        SH:  0    Dex: 21    Spells: 8/17 levels left

rFire   . . .        a - +3 sling (drain) {Wanphen}
rCold   . . .        d - +0 sling (freeze) {Londisizwe}
rNeg    . . .        D - +1 troll leather armour {Pargi}
rPois   .            q - +2 hat {Stlth+}
rElec   .            B - +0 cloak
rCorr   .            m - +0 pair of gloves
SInv    .            (no boots)
Will    .....        (amulet unavailable)
Stlth   +++          (ring unavailable)
HPRegen 1.16/turn    (ring unavailable)
MPRegen 0.15/turn    (no gizmo)

%: no passive effects
@: revved
A: off-hand wielding, slow wielding, warmup strikes, no jewellery
a: Invent Gizmo, Renounce Religion, Heroism, Finesse, Duel


You were on level 2 of the Lair of Beasts.
You worshipped Okawaru.
Okawaru was extremely pleased with you.
You visited 3 branches of the dungeon, and saw 14 of its levels.
You also visited: Sewer.

You collected 812 gold pieces.
You spent 384 gold pieces at shops.

Inventory:

Hand Weapons
 a - a +3 sling of draining (weapon) {Wanphen}
 d - a +0 sling of freezing (offhand) {Londisizwe}
 e - a +0 club
 G - a +0 dagger of draining
Missiles
 o - 12 javelins
 r - 2 throwing nets
 J - 7 curare-tipped darts
Armour
 c - a +0 leather armour
 m - a +0 pair of gloves (worn)
 q - a +2 hat of stealth (worn)
 A - a +2 leather armour of cold resistance
 B - a +0 cloak (worn)
 D - a +1 troll leather armour (worn) {Pargi}
 H - a +3 scale mail of willpower
 I - the +3 hat of Pondering {ponderous, Will+ MP+10 Int+5}
   (You took it off Gastronok on level 10 of the Dungeon)

   Int+5:     It affects your intelligence (+5).
   Will+:     It increases your willpower.
   MP+10:     It affects your magic capacity (+10).
Wands
 z - a wand of charming (10)
 K - a wand of acid (4)
Scrolls
 b - 4 scrolls of butterflies
 f - a scroll of revelation
 h - 2 scrolls of vulnerability
 j - 2 scrolls of poison
 k - 4 scrolls of teleportation
 y - 4 scrolls of noise
 F - a scroll of amnesia {unknown}
 L - a scroll of enchant armour
 M - 2 scrolls of fog
 O - a scroll of torment {unknown}
Potions
 g - 3 potions of enlightenment
 i - 2 potions of curing
 l - 3 potions of resistance
 p - 2 potions of attraction
 s - a potion of mutation {unknown}
 t - 4 potions of brilliance
 u - 3 potions of heal wounds
 v - a potion of haste {unknown}
 w - 3 potions of magic
 x - a potion of cancellation {unknown}
 C - a potion of ambrosia
 E - 3 potions of invisibility
 N - a potion of berserk rage {unknown}


   Skills:
 + Level 10.8 Fighting
 - Level 9.1 Ranged Weapons
 - Level 2.0 Throwing
 - Level 2.0 Armour
 - Level 4.0 Dodging
 - Level 2.0 Stealth
 + Level 3.2 Spellcasting
 + Level 6.1 Hexes
 - Level 2.0 Translocations
 - Level 5.0 Fire Magic
 - Level 7.0 Invocations
 - Level 5.0 Evocations


You had 8 spell levels left.
You knew the following spells:

 Your Spells              Type           Power      Damage    Failure   Level
a - Blink                 Tloc           10%        N/A       24%         2
b - Cause Fear            Hex            6%         N/A       28%         4
c - Inner Flame           Hex/Fire       12%        N/A       11%         3

Your spell library contained the following spells:

 Spells                   Type           Power      Damage    Failure   Level
 Magic Dart               Conj           4%         1d3       34%         1
 Cigotuvi's Dreadful Rot  Necr/Alch/Air  2%         N/A       47%         2
 Anguish                  Hex/Necr       3%         N/A       69%         4
 Metabolic Englaciation   Hex/Ice        3%         N/A       95%         5
 Silence                  Hex/Air        3%         N/A       95%         5
 Dispel Undead            Necr           1%         3d6       98%         4
 Fireball                 Conj/Fire      3%         3d4       98%         5
 Enfeeble                 Hex            6%         N/A       100%        7
 Call Imp                 Summ           Unusable   N/A       N/A         2
 Martyr's Knell           Necr/Summ      Unusable   N/A       N/A         4
 Death Channel            Necr           Unusable   N/A       N/A         6
 Dragon's Call            Summ           Unusable   N/A       N/A         9

Dungeon Overview and Level Annotations

Branches:
Dungeon (10/15)            Temple (1/1) D:6            Lair (3/5) D:10
  Swamp (0/4) Lair:2        Snake (0/4) Lair:3          Orc (0/2) D:10
  Sewer (visited)

Altars:
Ashenzari
Cheibriados
Dithmenos
Elyvilon
Fedhas
Gozag
Hepliaklqana
Kikubaaqudgha
Makhleb
Nemelex Xobeh
Okawaru
Qazlal
Ru
Sif Muna
Trog
Uskayaw
Vehumet
Wu Jian
Xom
Yredelemnul
Zin
The Shining One

Shops:
D:8 :

Annotations:
D:9 exclusion: downstairs
D:10 1 exclusion


Innate Abilities, Weirdness & Mutations

You can wield a second weapon in your off-hand.
It takes a long time for you to wield or remove held weapons.
Your first few attacks do less damage.
You cannot equip rings or amulets.


Message History

The komodo dragon is moderately wounded.
Casting: Inner Flame (dangerous; 11% risk of failure)
Confirm with . or Enter, or press ? or * to list all spells.
Aiming: Inner Flame (dangerous; 11% risk of failure)
Press: ? - help, Dir - move target, f - komodo dragon, p - black mamba
Aim: a komodo dragon (moderately wounded, chance to affect: 47%)
The komodo dragon resists with some effort.
Casting: Inner Flame (dangerous; 11% risk of failure)
Confirm with . or Enter, or press ? or * to list all spells.
Aiming: Inner Flame (dangerous; 11% risk of failure)
Press: ? - help, Dir - move target, f - black mamba, p - komodo dragon
Aim: a black mamba (moderately wounded, slow, chance to affect: 64%)
The black mamba is filled with an inner flame.
The black mamba is no longer moving slowly.
The komodo dragon hisses menacingly.
Fire: a) +3 sling (drain) {Wanphen}
Press: ? - help, Shift-Dir - straight line, f/p - black mamba
Aim: a black mamba (moderately wounded, inner flame, 58% to hit)
You shoot a sling bullet.
The sling bullet hits the komodo dragon.
The komodo dragon is moderately wounded.
You shoot a sling bullet.
The sling bullet barely misses the komodo dragon.
The sling bullet closely misses the black mamba.
Fire: a) +3 sling (drain) {Wanphen}
Press: ? - help, Shift-Dir - straight line, f/p - black mamba
Aim: a black mamba (moderately wounded, inner flame, 58% to hit)
You shoot a sling bullet.
The sling bullet closely misses the black mamba.
You shoot a sling bullet.
The sling bullet closely misses the black mamba.
Aiming: Corrosive Bolt
Press: ? - help, Shift-Dir - straight line, f/p - black mamba
Aim: a black mamba (moderately wounded, inner flame, 57% to hit)
The bolt of acid hits the komodo dragon!
The acid corrodes the komodo dragon!
The komodo dragon is severely wounded.
The bolt of acid misses the black mamba.
The komodo dragon bites you!!
You die...

.#P#.............................
.###...................>.........
## ##........###.......#†P..#....
### #.....#.÷##........##...#....
..# #.....[#...#.............#...
..# #.........##.............#...
.## #......#..##.......##...P#...
.####.........#P.lS....##...##...
..##......P#....@......###.###...
.##........#...........P######...
.........P#####..................
..........P##.##....(............
.........P.......................
.................................
..........#..#.........<.........
###........#.###.........#..##...
####..........##..........>..#...


You could see a komodo dragon (corroded) and a black mamba (inner flame).

Vanquished Creatures
  Gastronok (D:10)
  A hydra (Lair:2)
  A two-headed ogre (D:10)
  A death yak (D:9)
  Amaemon (Lair:1)
  Maurice (D:10)
  A cyclops (D:10)
  Joseph (D:7)
  A manticore (D:10)
  4 cane toads
  An orange demon (Lair:1)
  5 komodo dragons
  A rime drake (Lair:2)
  5 blink frogs (Lair:2)
  Sigmund (D:7)
  10 yaks
  4 wyverns
  4 basilisks
  A steam dragon (D:9)
  Edmund (D:7)
  Duvessa (D:5)
  4 water moccasins
  3 ice beasts (D:7)
  5 orc warriors
  Pargi (Sewer)
  5 ogres
  4 wolves (Lair:1)
  A centaur (D:8)
  Blork the orc (D:6)
  3 kobold brigands
  2 brain worms (Sewer)
  8 bullfrogs
  2 gnoll sergeants
  2 scorpions (D:6)
  11 wights
  Dowan (D:5)
  14 killer bees
  4 bombardier beetles
  4 hounds
  A gnoll bouda (D:6)
  A jelly (D:4)
  5 orc priests
  A sleepcap (D:5)
  Natasha (thrice) (D:4)
  2 iguanas
  Ijyb (D:5)
  10 orc wizards
  19 gnolls
  4 adders
  2 shadow imps (D:8)
  3 white imps
  6 ufetubi
  A dart slug (D:2)
  5 ribbon worms
  28 orcs
  6 endoplasms
  6 giant cockroaches
  7 goblins
  11 hobgoblins
  17 kobolds
  3 quokkas
  12 ball pythons
  7 bats
  12 frilled lizards
  4 rats
299 creatures vanquished.

Notes
Turn   | Place    | Note
-------+----------+-------------------------------------------
     0 | D:1      | hikkokomori the Coglin Hunter began the quest for the Orb.
     0 | D:1      | Reached XP level 1. HP: 16/16 MP: 1/1
    84 | D:1      | Reached skill level 1 in Stealth
   101 | D:1      | Reached XP level 2. HP: 22/22 MP: 2/2
   226 | D:1      | Reached XP level 3. HP: 27/27 MP: 3/3
   534 | D:2      | Found an ornate altar of the Wu Jian Council.
  1477 | D:3      | Reached XP level 4. HP: 33/33 MP: 4/4
  1938 | D:4      | Noticed Natasha
  1942 | D:4      | Killed Natasha
  2004 | D:4      | Reached XP level 5. HP: 30/40 MP: 5/5
  2105 | D:4      | Reached skill level 3 in Fighting
  2172 | D:4      | Reached skill level 5 in Ranged Weapons
  2392 | D:4      | Noticed Natasha
  2398 | D:4      | Killed Natasha
  2524 | D:4      | Reached XP level 6. HP: 44/48 MP: 6/6
  2645 | D:4      | Noticed Natasha
  2650 | D:4      | Killed Natasha
  3033 | D:5      | Entered Level 5 of the Dungeon
  3165 | D:5      | Reached skill level 4 in Fighting
  3377 | D:4      | Reached XP level 7. HP: 14/54 MP: 7/7
  3565 | D:5      | Learned a level 2 spell: Blink
  3742 | D:5      | Reached skill level 1 in Translocations
  3871 | D:5      | Noticed Ijyb
  3899 | D:5      | Killed Ijyb
  3900 | D:5      | Found a glowing silver altar of Zin.
  3992 | D:5      | Reached skill level 1 in Spellcasting
  4043 | D:5      | Noticed Duvessa
  4043 | D:5      | Noticed Dowan
  4187 | D:5      | Reached XP level 8. HP: 61/61 MP: 9/9
  4228 | D:5      | Killed Duvessa
  4229 | D:5      | Killed Dowan
  4230 | D:5      | Reached skill level 5 in Fighting
  4428 | D:5      | Reached skill level 1 in Evocations
  4879 | D:6      | Found a staircase to the Ecumenical Temple.
  4901 | Temple   | Entered the Ecumenical Temple
  4924 | Temple   | Became a worshipper of Warmaster Okawaru
  4986 | D:6      | Found a glowing drain.
  5015 | Sewer    | Entered a sewer
  5059 | Sewer    | Noticed Pargi
  5073 | Sewer    | Killed Pargi
  5308 | D:6      | Reached skill level 5 in Evocations
  5471 | D:6      | Noticed Blork the orc
  5479 | D:6      | Killed Blork the orc
  5538 | D:6      | Reached skill level 1 in Invocations
  5543 | D:6      | Reached * piety under Okawaru
  5544 | D:6      | Reached XP level 9. HP: 40/68 MP: 12/12
  6190 | D:6      | Found an ornate altar of the Wu Jian Council.
  6424 | D:6      | Reached skill level 6 in Fighting
  6702 | D:7      | Learned a level 4 spell: Cause Fear
  6716 | D:7      | Noticed Joseph
  6731 | D:7      | Killed Joseph
  6731 | D:7      | Reached ** piety under Okawaru
  7030 | D:7      | Noticed Sigmund
  7031 | D:7      | Noticed Edmund
  7119 | D:7      | Reached skill level 7 in Fighting
  7323 | D:7      | Killed Sigmund
  7324 | D:7      | Reached XP level 10. HP: 67/79 MP: 13/13
  7398 | D:7      | Killed Edmund
  7980 | D:8      | Reached skill level 1 in Armour
  7980 | D:8      | Reached skill level 1 in Hexes
  8408 | D:8      | Found Cuceuw's Self-Published Books.
  9215 | D:8      | Bought the Elucidation of Enchanting Elements for 384 gold
                  | pieces
  9221 | D:8      | Learned a level 3 spell: Inner Flame
  9276 | D:9      | Reached skill level 8 in Fighting
  9290 | D:9      | Reached *** piety under Okawaru
  9291 | D:9      | Reached skill level 1 in Fire Magic
  9660 | D:9      | Reached skill level 1 in Throwing
 10283 | D:10     | Entered Level 10 of the Dungeon
 10283 | D:10     | Noticed Gastronok
 10331 | D:10     | Noticed a two-headed ogre
 10440 | D:10     | Reached **** piety under Okawaru
 10479 | D:10     | Noticed a manticore
 10489 | D:10     | Killed a manticore
 10518 | D:10     | Noticed a cyclops
 10524 | D:10     | Killed a cyclops
 10525 | D:10     | Reached XP level 11. HP: 82/87 MP: 13/15
 10543 | D:10     | Noticed a rakshasa
 10665 | D:10     | Found a staircase to the Orcish Mines.
 10708 | D:10     | Found a staircase to the Lair.
 10708 | D:10     | Noticed a death yak
 10737 | D:9      | Killed a death yak
 10737 | D:9      | Reached ***** piety under Okawaru
 10866 | D:10     | Killed a two-headed ogre
 10867 | D:10     | Reached skill level 9 in Fighting
 10891 | D:10     | Killed Gastronok
 10892 | D:10     | Reached skill level 5 in Invocations
 10938 | D:10     | Received a gift from Okawaru
 11035 | D:10     | Noticed Maurice
 11039 | D:10     | Maurice stole 9 javelins
 11042 | D:10     | Maurice stole a +0 dagger of draining
 11043 | D:10     | Maurice stole 78 gold
 11047 | D:10     | Killed Maurice
 11543 | Lair:1   | Entered Level 1 of the Lair of Beasts
 11671 | Lair:1   | Noticed Amaemon
 11686 | Lair:1   | Killed Amaemon
 11777 | Lair:1   | Received a gift from Okawaru
 11795 | Lair:1   | Reached XP level 12. HP: 70/96 MP: 17/17
 12330 | Lair:2   | Reached skill level 5 in Hexes
 12330 | Lair:2   | Reached skill level 5 in Fire Magic
 12364 | Lair:2   | Found a staircase to the Swamp.
 12365 | Lair:2   | Noticed a four-headed hydra
 12371 | Lair:2   | Killed a four-headed hydra
 12573 | Lair:2   | Reached skill level 10 in Fighting
 12788 | Lair:2   | Received a gift from Okawaru
 13207 | Lair:2   | HP: 2/99 [komodo dragon (23)]
 13215 | Lair:2   | Slain by a komodo dragon

Illustrated notes

Levels and vault maps discovered:
D:1:      orjb1_lava_funnel, layout_basic
D:2:      layout_rooms, basic_altar, hex_intersection
D:3:      layout_loops_corners
D:4:      layout_layer_cave, dreamdust_wishing_well, uniq_natasha
D:5:      cheibrodos_thug_alley, layout_loops_ring, overflow_temple_1_default,
          uniq_ijyb, uniq_duvessa
D:6:      layout_basic, marbit_many_paths, minmay_temple_entry_arrows,
          cheibrodos_sewer_entry_bend, grunt_decor_fettered,
          nicolae_eternal_life, lightli_orcish_oven, uniq_blork_the_orc
D:7:      layout_cave_pools, sigmund_edmund_badplayer, uniq_joseph
D:8:      layout_layer_cave, nicolae_custom_books, chequers_decorated_corner
D:9:      layout_layer_cave
D:10:     layout_roguey, david_lair_generic, david_orc_4, minmay_evil_grid,
          uniq_gastronok, uniq_maurice
Temple:   nicolae_temple_bog_church
Lair:1:   layout_loops_ring, infiniplex_staircase_pool_2, lemuel_fruit_fields,
          uniq_amaemon
Lair:2:   layout_regular_city, swamp_mist
Lair:3:   layout_cave_pods, nicolae_snake_entry_warm_welcome,
          portal_ice_cave_entry_animals_and_master, uniq_josephine

Skill      XL: |  1  2  3  4  5  6  7  8  9 10 11 12 |
---------------+-------------------------------------+-----
Stealth        | 1 2 |  2.0
Ranged Weapons | 4 5 6 7 8 9 |  9.1
Fighting       | 3 4 5 7 8 9 10 | 10.8
Dodging        | 2 4 |  4.0
Translocations | 1 2 |  2.0
Spellcasting   | 1 2 3 |  3.2
Evocations     | 5 |  5.0
Invocations    | 1 3 7 |  7.0
Armour         | 2 |  2.0
Hexes          | 3 4 6 |  6.1
Fire Magic     | 4 5 |  5.0
Throwing       | 2 |  2.0

Action                     |  1- 3 |  4- 6 |  7- 9 | 10-12 || total
---------------------------+-------+-------+-------+-------++-------
  Melee: Sling             |       |       |    16 |       ||    16
   Fire: Sling             |   212 |   232 |   796 |  1236 ||  2476
   Cast: Inner Flame       |       |       |       |     3 ||     3
 Invoke: Heroism           |       |       |     1 |     2 ||     3
  Evoke: Wand              |       |       |       |     1 ||     1
    Use: Scroll            |       |       |    10 |    17 ||    27
         Potion            |       |       |     3 |     3 ||     6
 Armour: Leather armour    |     9 |    28 |   134 |    11 ||   182
         Troll leather arm |       |       |       |   207 ||   207
  Dodge: Dodged            |    10 |    21 |   117 |   260 ||   408

Table legend: (Time is in decaauts)
 A = Elapsed time spent in this place.
 B = Non-inter-level travel time spent in this place.
 C = Inter-level travel time spent in this place.
 D = Time resting spent in this place.
 E = Time spent auto-exploring this place.
 F = Levels seen in this place.
 G = Mean time per level.
                   A        B        C        D        E       F      G
               +--------+--------+--------+--------+--------+-----+--------+
         Total |  13393 |  12623 |    770 |    656 |   9599 |  15 |  892.9 |
       Dungeon |  11381 |  10715 |    666 |    656 |   8067 |  10 | 1138.1 |
        Temple |     51 |      3 |     48 |      0 |      0 |   1 |   51.0 |
          Lair |   1668 |   1613 |     55 |      0 |   1336 |   3 |  556.0 |
         Sewer |    291 |    291 |      0 |      0 |    195 |   1 |  291.0 |
               +--------+--------+--------+--------+--------+-----+--------+

Top non-repeatable levels by time:
     D:4: 1685 daAuts
     D:8: 1611 daAuts
     D:6: 1562 daAuts
     D:5: 1391 daAuts
     D:9: 1167 daAuts
    D:10: 1146 daAuts
     D:3: 932 daAuts
     D:7: 888 daAuts
  Lair:2: 883 daAuts
  Lair:1: 772 daAuts
     D:1: 540 daAuts
     D:2: 456 daAuts
   Sewer: 291 daAuts
  Temple: 51 daAuts
  Lair:3: 12 daAuts
